 Dungeon Crawl Stone Soup version 0.31-a0-845-g9abc20d24f (webtiles) character file.

Game seed: 7628975273077718858

7952 vineage the Spear-Bearer (level 11, -1/71 HPs)
             Began as a Gargoyle Fighter on Oct 2, 2023.
             Was an Elder of Okawaru.
             Killed from afar by an acid dragon (24 damage)
             ... with a splash of acid
             ... on level 8 of the Dungeon.
             The game lasted 00:11:03 (10122 turns).

vineage the Spear-Bearer (Gargoyle Fighter)        Turns: 10122, Time: 00:11:04

Health: -1/71      AC: 24    Str: 21    XL:     11   Next: 23%
Magic:  13/13      EV:  9    Int:  5    God:    Okawaru [****..]
Gold:   1102       SH:  8    Dex: 19    Spells: 10/10 levels left

rFire   + + .        a - +1 trident (drain)
rCold   x . .        c - +1 buckler
rNeg    + . .        F - +2 fire dragon scales
rPois   ∞            A - +0 helmet "Idavewn" {rPois Int-3 Dex+6}
rElec   +            y - +2 cloak
rCorr   .            (no gloves)
SInv    .            E - +1 pair of boots {Fly}
Will    .....        D - amulet of magic regeneration Stlth
                     G - ring of flight
HPRegen 0.31/turn    (no ring)
MPRegen 0.53/turn

%: no passive effects
@: corroded, flying
A: sickness immunity, AC +8, negative energy resistance 1, electricity
resistance, torment resistance 1, petrification resistance
a: Renounce Religion, Heroism, Finesse


You were on level 8 of the Dungeon.
You worshipped Okawaru.
Okawaru was greatly pleased with you.
You visited 2 branches of the dungeon, and saw 9 of its levels.
You also visited: Ossuary and Bailey.

You collected 1339 gold pieces.
You spent 237 gold pieces at shops.

Inventory:

Hand Weapons
 a - a +1 trident of draining (weapon)
Armour
 c - a +1 buckler (worn)
 y - a +2 cloak (worn)
 A - the +0 helmet "Idavewn" (worn) {rPois Int-3 Dex+6}
   (You bought it in a shop on level 6 of the Dungeon)

   Int-3:     It affects your intelligence (-3).
   Dex+6:     It affects your dexterity (+6).
   rPois:     It protects you from poison
 C - a +0 plate armour
 E - a +1 pair of boots of flying (worn)
 F - +2 fire dragon scales (worn)
Jewellery
 m - a ring of fire
 D - an amulet of magic regeneration (around neck)
 G - a ring of flight (left hand)
 K - a +6 ring of strength
Wands
 b - a wand of quicksilver (7)
 e - a wand of flame (27)
 t - a wand of charming (5)
 u - a wand of polymorph (6)
Scrolls
 j - 4 scrolls of teleportation
 l - 4 scrolls of enchant armour
 n - a scroll of summoning
 o - a scroll of revelation
 p - 2 scrolls of brand weapon
 v - a scroll of silence
 w - 2 scrolls of enchant weapon
 z - 3 scrolls of immolation
 H - a scroll of amnesia {unknown}
 I - a scroll of identify
Potions
 d - a potion of might
 f - 3 potions of attraction
 g - 2 potions of heal wounds
 h - a potion of haste
 i - 4 potions of lignification
 k - 6 potions of enlightenment
 q - 6 potions of curing
 r - 2 potions of brilliance {unknown}
 s - 2 potions of invisibility {unknown}
 x - 2 potions of cancellation {unknown}
 B - 3 potions of degeneration {unknown}
 J - a potion of magic {unknown}


   Skills:
 + Level 9.4 Fighting
 * Level 10.4 Polearms
 + Level 8.2 Armour
 + Level 8.1 Shields
 - Level 3.5 Invocations


You had 10 spell levels left.
You didn't know any spells.
Your spell library contained the following spells:

 Spells                   Type           Power      Damage    Failure   Level
 Sandblast                Erth           0%         2d4       88%         1
 Shock                    Conj/Air       0%         1d3       88%         1
 Ensorcelled Hibernation  Hex/Ice        0%         N/A       95%         2
 Jinxbite                 Hex            0%         N/A       95%         2
 Passwall                 Tmut/Erth      0%         N/A       95%         2
 Stone Arrow              Conj/Erth      0%         3d7       99%         3
 Swiftness                Air            0%         N/A       99%         3
 Airstrike                Air            0%         2d(0-16)  100%        4
 Anguish                  Hex/Necr       0%         N/A       100%        4
 Brom's Barrelling Bould  Conj/Erth      0%         2d3       100%        4


Dungeon Overview and Level Annotations

Branches:
Dungeon (8/15)             Temple (1/1) D:4         Ossuary (visited)
 Bailey (visited)
   Lair: D:8-11

Altars:
Ashenzari
Cheibriados
Dithmenos
Elyvilon
Fedhas
Gozag
Hepliaklqana
Kikubaaqudgha
Makhleb
Nemelex Xobeh
Okawaru
Qazlal
Ru
Sif Muna
Trog
Uskayaw
Vehumet
Wu Jian
Xom
Yredelemnul
Zin
The Shining One

Shops:
D:2 :   D:3 :   D:6 [   D:7 *

Annotations:
D:3 1 runed translucent door


Innate Abilities, Weirdness & Mutations

You are immune to sickness and miasma.
Your stone body is resilient. (AC +8)
You are immune to poison.
You resist negative energy. (rN+)
You are resistant to electric shocks. (rElec)
You are resistant to unholy torment.
You are immune to petrification.


Message History

Your surroundings suddenly seem different.
You start resting.
You feel like a meek peon again.
You start resting.
You start resting.
HP restored.
You start waiting.
Done waiting.
Found a stone.
You see here a +0 flail.
There is a stone staircase leading down here.
Found a stone staircase leading up.
There is a stone staircase leading up here.
Things that are here:
a +0 ring mail; 2 boomerangs; a +0 club You see here a +0 orcbow.
You see here a +0 orcbow.
Things that are here:
a +0 short sword; a +0 leather armour
Things that are here:
a +0 falchion; a +0 ring mail You see here a +0 club.
An acid dragon comes into view.
The acid dragon roars!
The acid dragon spits acid at you. The splash of acid hits you!!
Things that are here:
a +0 dagger; 8 poisoned darts The acid dragon spits acid at you.
The splash of acid hits you!! The acid corrodes you!
You are too injured to fight recklessly!
You completely miss the acid dragon. The acid dragon spits acid at you.
The splash of acid hits you! The acid corrodes you!
You closely miss the acid dragon. You puncture the acid dragon!
The acid dragon is moderately wounded.
The acid dragon spits acid at you. The splash of acid hits you!!
You die...

...#.#########.##.##.#########.#.
<..##D.R......##.##..)).....##.#.
....#.#.#.#.#.##.##.###)###.##.##
....##.#.#.#.##...###.....###.#.#
.....#.......###.###.......##.#.#
#....##.....##D#.#.##..#..##..#..
###...#.#.#.##.#)#.##..#..##..#..
#.#.##.#.##..#.#..##...##.#.#.#
#....#...#*#.#@#.###...##.#.#.#
####.##.##.#.#D#.#.##.##..#.#.#
#..#.##.........##.##..#.#[#
##.#############..##########
#.#########################
#..........................
########.#####.########.###
#.#####.# ##.†### #.......#
#.####


You could see an acid dragon (catching breath).

Vanquished Creatures
  A centaur warrior (D:8)
  A two-headed ogre (D:8)
  An ugly thing (D:7)
  Psyche (D:8)
  A kobold demonologist (D:7)
  A troll (D:7)
  Grinder (D:4)
  A shadow (D:7)
  A wraith (D:8)
  A wyvern (D:8)
  5 yaks (D:7)
  2 steam dragons
  2 water moccasins (D:8)
  3 black bears
  7 orc warriors
  A centaur (D:6)
  A phantom (D:4)
  4 kobold brigands
  The ghost of AncientFaroe the Magician, an amateur DEEE (D:3)
  6 bullfrogs
  2 scorpions
  A water moccasin zombie (Ossuary)
  10 wights
  6 howler monkeys
  2 jellies
  An electric eel (D:8)
  4 hounds
  3 centaur zombies (Ossuary)
  A bullfrog zombie (Ossuary)
  5 orc priests
  A gnoll bouda (D:5)
  2 sleepcaps
  3 iguanas
  3 orc wizards
  An ogre zombie (Ossuary)
  12 gnolls
  9 adders
  2 shadow imps (D:7)
  A white imp (D:8)
  An ufetubus (D:5)
  2 adder zombies (Ossuary)
  3 worms (D:3)
  2 dart slugs
  31 orcs
  7 bats
  10 endoplasms
  5 giant cockroaches
  8 goblins
  11 hobgoblins
  4 jackals (D:4)
  2 quokkas
  7 ball pythons
  A frilled lizard (D:2)
  4 gnoll zombies (Ossuary)
  6 goblin zombies (Ossuary)
  A hobgoblin zombie (Ossuary)
  14 kobolds
  4 orc zombies (Ossuary)
  6 rats
240 creatures vanquished.

Vanquished Creatures (others)
  2 orc wizards (D:8)
  An orc (D:8)
3 creatures vanquished.

Grand Total: 243 creatures vanquished

Notes
Turn   | Place    | Note
-------+----------+-------------------------------------------
     0 | D:1      | vineage the Gargoyle Fighter began the quest for the Orb.
     0 | D:1      | Reached XP level 1. HP: 14/14 MP: 1/1
    58 | D:1      | Reached skill level 2 in Polearms
    84 | D:1      | Reached XP level 2. HP: 19/19 MP: 2/2
   515 | D:2      | Found Vugyeroo's Book Shoppe.
   667 | D:2      | Reached XP level 3. HP: 19/24 MP: 3/3
  1000 | D:2      | Reached skill level 3 in Polearms
  1518 | D:3      | Reached XP level 4. HP: 29/29 MP: 4/4
  1598 | D:3      | Found a runed translucent door.
  1634 | D:3      | Noticed AncientFaroe's ghost (amateur DEEE)
  1634 | D:3      | Noticed a bullfrog
  1645 | D:3      | Killed a bullfrog
  1646 | D:3      | Reached XP level 5. HP: 25/34 MP: 5/5
  1654 | D:3      | Killed AncientFaroe's ghost
  1655 | D:3      | Reached skill level 4 in Polearms
  1666 | D:3      | Found a runed translucent door.
  1964 | D:3      | Found Cusayweu's Book Shoppe.
  2503 | D:4      | Reached XP level 6. HP: 35/40 MP: 6/6
  2506 | D:4      | Identified the +2 barding of Zokumn {Int+2}
  2524 | D:4      | Found a sand-covered staircase.
  2537 | D:4      | Reached skill level 5 in Fighting
  2545 | Ossuary  | Entered an ossuary
  2598 | Ossuary  | Reached skill level 5 in Polearms
  2768 | Ossuary  | Reached XP level 7. HP: 39/44 MP: 7/7
  2845 | Ossuary  | Noticed a silent spectre
  3075 | D:4      | Noticed Grinder
  3088 | D:4      | Paralysed by Grinder for 4 turns
  3098 | D:4      | Killed Grinder
  3099 | D:4      | Reached skill level 6 in Polearms
  3746 | D:4      | Reached XP level 8. HP: 50/51 MP: 8/8
  3785 | D:4      | Found a staircase to the Ecumenical Temple.
  3796 | Temple   | Entered the Ecumenical Temple
  4255 | D:5      | Entered Level 5 of the Dungeon
  4474 | D:5      | Found a sacrificial altar of Ru.
  4474 | D:5      | Found a blossoming altar of Fedhas.
  4780 | D:5      | Reached skill level 7 in Polearms
  4935 | D:5      | Reached skill level 5 in Armour
  4935 | D:5      | Reached skill level 5 in Shields
  5309 | D:6      | Found an iron altar of Okawaru.
  5348 | D:6      | Became a worshipper of Warmaster Okawaru
  5360 | D:6      | Reached XP level 9. HP: 49/57 MP: 9/9
  5448 | D:6      | Found an opulent altar of Gozag.
  5581 | D:6      | Found Torour's Antique Armour Shop.
  5611 | D:6      | Bought a faintly glowing helmet for 237 gold pieces
  5611 | D:6      | Identified the +0 helmet "Idavewn" {rPois Int-3 Dex+6} (You
                  | bought it in a shop on level 6 of the Dungeon)
  5653 | D:6      | Found a white marble altar of Elyvilon.
  6099 | D:7      | Reached * piety under Okawaru
  6170 | D:7      | Found Kurrerug's General Store.
  6304 | D:7      | Reached skill level 8 in Polearms
  6942 | D:7      | Reached XP level 10. HP: 16/64 MP: 7/10
  6948 | D:7      | HP: 2/64 [wight/+4 halberd (6)]
  6951 | D:7      | Reached skill level 9 in Polearms
  7782 | D:7      | Noticed a white ugly thing
  7782 | D:7      | Noticed a kobold demonologist
  7803 | D:7      | Killed a white ugly thing
  7803 | D:7      | Reached ** piety under Okawaru
  7820 | D:7      | Killed a kobold demonologist
  8282 | D:8      | Noticed Psyche
  8294 | D:8      | Killed Psyche
  8294 | D:8      | Reached *** piety under Okawaru
  8326 | D:8      | Found a flagged portal.
  8352 | Bailey   | Entered a bailey
  8556 | Bailey   | Reached skill level 10 in Polearms
  8815 | D:8      | Reached skill level 1 in Invocations
  9334 | D:8      | Noticed a centaur warrior
  9344 | D:8      | Killed a centaur warrior
  9344 | D:8      | Reached **** piety under Okawaru
  9345 | D:8      | Reached XP level 11. HP: 71/71 MP: 12/12
  9584 | D:8      | Noticed a two-headed ogre
  9601 | D:8      | Killed a two-headed ogre
  9689 | D:8      | Noticed a rakshasa
  9691 | D:8      | Noticed a cyclops
  9696 | D:8      | Noticed an eight-headed hydra
  9711 | D:8      | Noticed a purple ugly thing
 10122 | D:8      | Killed from afar by an acid dragon

Illustrated notes

Levels and vault maps discovered:
D:1:      denvon_arrival_planthouse, layout_rooms, minivault_25,
          serial_bayou_lagoon_b
D:2:      layout_basic, serial_shops,
          nicolae_shop_temple_entry_statues_fountains, minmay_misc_feat_tower,
          minmay_indecisive_spiral
D:3:      layout_basic, ebering_ghost_sewer_f, serial_shops,
          nicolae_shop_pleasant_corner_grove
D:4:      layout_basic, minmay_temple_entry_antechambers,
          chequers_ossuary_entry_cave, uniq_grinder
D:5:      layout_gridville, nicolae_overflow_two_pavilions, minivault_23
D:6:      layout_gridville, mainiacjoe_overflow_alcove_1,
          okawaru_altar_gauntlet_db, mainiacjoe_overflow_24_doors, serial_shops,
          nicolae_shop_scrapyard, hangedman_decor_lopped
D:7:      nzn_winding_woodlands_three_and_one
          [nzn_winding_woodlands_5x15_concentric,
          nzn_winding_woodlands_5x15_jagged, nzn_winding_woodlands_5x15_parted,
          nzn_winding_woodlands_center_triple_pond], layout_loops_corners,
          serial_shops, nicolae_shop_hallway_plus
D:8:      minmay_the_grid_triangle_9x9_rhombus_full
          [minmay_the_grid_triangle_9x9_warning,
          minmay_the_grid_triangle_9x9_descending_squares,
          minmay_the_grid_triangle_9x9_wacky_v,
          minmay_the_grid_triangle_9x9_dagger,
          minmay_the_grid_triangle_9x9_from_above,
          minmay_the_grid_triangle_9x9_zippers_horizontal,
          minmay_the_grid_triangle_9x9_steps,
          minmay_the_grid_triangle_9x9_prize_special], layout_loops_ring,
          enter_bailey_4, nicolae_two_hexagons, dreamdust_princess_bridge,
          kennysheep_generic_room_5, uniq_psyche
Temple:   bh_familiar_temple

Skill      XL: |  1  2  3  4  5  6  7  8  9 10 11 |
---------------+----------------------------------+-----
Polearms       | 2 3 4 5 6 7 8 10 | 10.4
Fighting       | 4 5 6 7 8 9 |  9.4
Armour         | 4 5 6 8 |  8.2
Shields        | 4 5 6 7 8 |  8.1
Invocations    | 2 3 |  3.5

Action                     |  1- 3 |  4- 6 |  7- 9 | 10-12 || total
---------------------------+-------+-------+-------+-------++-------
  Melee: Trident           |    93 |   164 |   347 |   396 ||  1000
 Invoke: Heroism           |       |       |     1 |     2 ||     3
    Use: Potion            |       |     1 |     1 |     2 ||     4
         Scroll            |       |     9 |     6 |     4 ||    19
 Armour: Scale mail        |    40 |   118 |   221 |     4 ||   383
         Skin              |       |       |     2 |       ||     2
         Plate armour      |       |       |       |   140 ||   140
         Fire dragon scale |       |       |       |    80 ||    80
  Dodge: Dodged            |    33 |    57 |   105 |    82 ||   277
  Block: Buckler           |    14 |    40 |    87 |   114 ||   255

Table legend: (Time is in decaauts)
 A = Elapsed time spent in this place.
 B = Non-inter-level travel time spent in this place.
 C = Inter-level travel time spent in this place.
 D = Time resting spent in this place.
 E = Time spent auto-exploring this place.
 F = Levels seen in this place.
 G = Mean time per level.
                   A        B        C        D        E       F      G
               +--------+--------+--------+--------+--------+-----+--------+
         Total |  10114 |   9703 |    411 |   1870 |   5950 |  11 |  919.5 |
       Dungeon |   9191 |   8780 |    411 |   1612 |   5712 |   8 | 1148.9 |
        Temple |    218 |    218 |      0 |    202 |      0 |   1 |  218.0 |
       Ossuary |    364 |    364 |      0 |      0 |    135 |   1 |  364.0 |
        Bailey |    339 |    339 |      0 |     56 |    103 |   1 |  339.0 |
               +--------+--------+--------+--------+--------+-----+--------+

Top non-repeatable levels by time:
     D:7: 2133 daAuts
     D:8: 1594 daAuts
     D:4: 1464 daAuts
     D:3: 1014 daAuts
     D:2: 1002 daAuts
     D:5: 781 daAuts
     D:6: 692 daAuts
     D:1: 508 daAuts
 Ossuary: 364 daAuts
  Bailey: 339 daAuts
  Temple: 218 daAuts
